 Dungeon Crawl Stone Soup version 0.28-a0-726-g4a9143789a (webtiles) character file.

Game seed: 6856944298834658981

103772 bearlyready the Carver (level 16, -3/129 HPs)
             Began as a Gnoll Cinder Acolyte on Oct 26, 2021.
             Was a High Priest of Ignis.
             Slain by a merfolk (17 damage)
             ... on level 1 of the Shoals on Oct 27, 2021.
             The game lasted 01:16:55 (27586 turns).

bearlyready the Carver (Gnoll Cinder Acolyte)      Turns: 27586, Time: 01:16:56

Health: -3/129     AC: 15    Str: 20    XL:     16   Next: 36%
Magic:  25/31      EV: 18    Int: 17    God:    Ignis [*****.]
Gold:   1004       SH:  6    Dex:  9    Spells: 21/37 levels left

rFire   + + .      SeeInvis .   R - +7 demon blade (venom)
rCold   . . .      Faith    .   v - +0 buckler
rNeg    + . .      Spirit   .   s - +2 ring mail "Qangun" {Will+ Regen+ Str+4 Slay+2}
rPois   .          Reflect  .   K - +0 helmet
rElec   .          Harm     .   i - +0 cloak
rCorr   +          Rampage  .   (no gloves)
Will    ++++.                   r - +2 pair of boots of the End {rN+ Will++}
Stlth   ++........              p - amulet of the acrobat
HPRegen 1.31/turn               n - +4 ring of evasion
MPRegen 0.22/turn               S - ring "Pussata" {rF+ rCorr}

@: marked, engulfed (cannot breathe), freezing walls, very slow
A: fangs 1, strong nose, distributed training
a: Renounce Religion, Sea of Fire, Foxfire Swarm, Rising Flame


You were on level 1 of the Shoals.
You worshipped Ignis.
Ignis was extremely pleased with you.
You visited 6 branches of the dungeon, and saw 26 of its levels.

You collected 2138 gold pieces.
You spent 1134 gold pieces at shops.

Inventory:

Hand Weapons
 R - a +7 demon blade of venom (weapon)
Missiles
 b - 81 poisoned darts
 g - 20 boomerangs (quivered)
 B - 6 javelins
 F - 6 atropa-tipped darts
 G - 3 silver boomerangs
 H - 4 curare-tipped darts
 P - 7 silver javelins
Armour
 i - a +0 cloak (worn)
 j - the +8 orange crystal plate armour {Archmagi, Int+3 Clar}
   (You acquired it on level 13 of the Dungeon)

   Int:       It affects your intelligence (+3).
   Clar:      It protects you against confusion.
 r - the +2 pair of boots of the End (worn) {rN+ Will++}
   (You acquired it on level 13 of the Dungeon)

   rN:        It protects you from negative energy.
   Will:      It greatly increases your willpower.
 s - the +2 ring mail "Qangun" (worn) {Will+ Regen+ Str+4 Slay+2}
   (You found it on level 5 of the Dungeon)

   Str:       It affects your strength (+4).
   Slay:      It affects your accuracy & damage with ranged weapons and melee
   (+2).
   Regen:     It increases your rate of health regeneration.
   Will:      It increases your willpower.
 t - a +0 tower shield
 v - a +0 buckler (worn)
 K - a +0 helmet (worn)
Jewellery
 h - the ring of Siaseh {Fire rElec Str-4 Dex+4 Stlth+}
   (You found it on level 11 of the Dungeon)

   [ring of fire]

   It enhances your fire magic.
   Str:       It affects your strength (-4).
   Dex:       It affects your dexterity (+4).
   rF:        It protects you from fire.
   rC:        It makes you vulnerable to cold.
   rElec:     It insulates you from electricity.
   Stlth:     It makes you more stealthy.
 k - a ring of protection from fire
 n - a +4 ring of evasion (left hand)
 p - an amulet of the acrobat (around neck)
 S - the ring "Pussata" (right hand) {rF+ rCorr}
   (You took it off an orc on level 10 of the Dungeon)

   [ring of resist corrosion]

   rF:        It protects you from fire.
   rCorr:     It protects you from acid and corrosion.
 X - the ring "Feoppi" {Ice SInv}
   (You took it off a kobold demonologist on level 11 of the Dungeon)

   [ring of ice]

   It enhances your ice magic.
   rF:        It makes you vulnerable to fire.
   rC:        It protects you from cold.
   SInv:      It lets you see invisible.
Wands
 I - a wand of charming (21)
 J - a wand of flame (40)
 L - a wand of digging (22)
 N - a wand of polymorph (16)
Scrolls
 l - 3 scrolls of brand weapon
 m - 4 scrolls of blinking
 o - 4 scrolls of fog
 u - 2 scrolls of vulnerability
 w - 5 scrolls of immolation {unknown}
 x - 5 scrolls of enchant armour
 C - 3 scrolls of summoning
 O - 4 scrolls of amnesia
 Q - a scroll of fear
 V - 7 scrolls of teleportation
Potions
 c - a potion of invisibility {unknown}
 d - 4 potions of curing
 e - a potion of resistance {unknown}
 f - 3 potions of attraction
 q - 3 potions of mutation
 z - 2 potions of magic {unknown}
 A - a potion of berserk rage {unknown}
 D - 2 potions of lignification {unknown}
 E - 2 potions of flight {unknown}
 M - 2 potions of haste {unknown}
 T - 5 potions of heal wounds
 U - 2 potions of brilliance {unknown}
 W - 7 potions of ambrosia
 Y - a potion of cancellation {unknown}
Miscellaneous
 a - a phial of floods (inert)
 y - a phantom mirror
 Z - a condenser vane (inert)


   Skills:
 + Level 12.6 Fighting
 + Level 10.8 Short Blades
 + Level 12.6 Long Blades
 + Level 10.8 Axes
 + Level 10.8 Maces & Flails
 + Level 10.8 Polearms
 + Level 10.8 Staves
 + Level 10.8 Slings
 + Level 10.8 Bows
 + Level 10.8 Crossbows
 + Level 10.8 Throwing
 + Level 10.8 Armour
 + Level 10.8 Dodging
 + Level 10.8 Stealth
 + Level 10.8 Shields
 + Level 10.8 Unarmed Combat
 + Level 11.2 Spellcasting
 + Level 9.1 Conjurations
 + Level 9.1 Hexes
 + Level 9.1 Summonings
 + Level 9.1 Necromancy
 + Level 9.1 Translocations
 + Level 9.1 Transmutations
 + Level 10.6 Fire Magic
 + Level 9.1 Ice Magic
 + Level 9.1 Air Magic
 + Level 9.1 Earth Magic
 + Level 9.1 Poison Magic
 + Level 11.8 Invocations
 + Level 10.8 Evocations


You had 21 spell levels left.
You knew the following spells:

 Your Spells              Type           Power      Damage    Failure   Level
a - Scorch                Fire           90%        2d10      1%          2
b - Blink                 Tloc           80%        N/A       1%          2
c - Call Canine Familiar  Summ           40%        N/A       1%          3
d - Frozen Ramparts       Ice            80%        1d10      1%          3
e - Animate Skeleton      Necr           80%        N/A       1%          1
f - Apportation           Tloc           80%        N/A       1%          1
g - Hailstorm             Conj/Ice       40%        3d10      2%          4

Your spell library contained the following spells:

 Spells                   Type           Power      Damage    Failure   Level
 Freeze                   Ice            100%       1d11      1%          1
 Magic Dart               Conj           100%       1d8       1%          1
 Pain                     Necr           100%       1d9       1%          1
 Summon Small Mammal      Summ           100%       N/A       1%          1
 Poisonous Vapours        Pois/Air       80%        N/A       1%          2
 Slow                     Hex            40%        N/A       1%          2
 Static Discharge         Conj/Air       40%        N/A       1%          2
 Confusing Touch          Hex            40%        N/A       1%          3
 Dazzling Flash           Conj/Hex       80%        N/A       1%          3
 Lesser Beckoning         Tloc           40%        N/A       1%          3
 Summon Guardian Golem    Hex/Summ       40%        N/A       1%          3
 Vampiric Draining        Necr           20%        2d8       1%          3
 Animate Armour           Summ/Erth      80%        N/A       2%          4
 Iskenderun's Mystic Bla  Conj/Tloc      40%        2d9       2%          4
 Agony                    Necr           40%        N/A       8%          5
 Alistair's Intoxication  Tmut/Pois      26%        N/A       8%          5
 Blade Hands              Tmut           20%        N/A       8%          5
 Excruciating Wounds      Necr           20%        N/A       8%          5
 Irradiate                Conj/Tmut      20%        3d20      8%          5
 Manifold Assault         Tloc           40%        N/A       8%          5
 Silence                  Hex/Air        20%        N/A       8%          5
 Yara's Violent Unravell  Hex/Tmut       20%        3d9       8%          5
 Starburst                Conj/Fire      21%        6d7       30%         6
 Invisibility             Hex            20%        N/A       38%         6
 Iron Shot                Conj/Erth      20%        9d5       38%         6
 Simulacrum               Ice/Necr       20%        N/A       38%         6
 Orb of Destruction       Conj           20%        9d9       92%         7
 Spellforged Servitor     Conj/Summ      20%        N/A       92%         7


Dungeon Overview and Level Annotations

Branches:
Dungeon (15/15)            Temple (1/1) D:5            Lair (6/6) D:10
 Shoals (1/4) Lair:3       Spider (0/4) Lair:4        Slime (0/5) Lair:6
    Orc (2/2) D:12            Elf (1/3) Orc:2        Vaults (0/5) D:13
 Depths: D:15

Altars:
Ashenzari
Cheibriados
Dithmenos
Elyvilon
Fedhas
Gozag
Hepliaklqana
Makhleb
Nemelex Xobeh
Qazlal
Ru
Sif Muna
Trog
Uskayaw
Vehumet
Wu Jian
Xom
Yredelemnul
Beogh
Jiyva
Lugonu

Shops:
D:9 *   D:13 ?**   Orc:2 [*:=

Portals:
Abyss: Lair:6

Annotations:
Lair:6 1 runed translucent door


Innate Abilities, Weirdness & Mutations

You have very sharp teeth.
Your uncanny sense of smell can sniff out nearby items.
Your experience applies equally to all skills.


Message History

Your lungs strain for air!
The wall freezes the merfolk!
The merfolk barely misses you.
The wall freezes the merfolk aquamancer!
The merfolk aquamancer hits you with a +0 rapier.
* * * LOW HITPOINT WARNING * * *
The wall freezes the water elemental.
The water elemental completely misses you.
The merfolk nearly stumbles in trying to escape.
It was a potion of heal wounds.
You feel much better.
* * * LOW HITPOINT WARNING * * *
Your lungs strain for air!
The wall freezes the merfolk!
The merfolk misses you.
The wall freezes the sea snake.
You block the sea snake's attack.
The wall freezes the merfolk aquamancer!
The merfolk aquamancer hits you with a +0 rapier.
* * * LOW HITPOINT WARNING * * *
The wall freezes the water elemental.
The water elemental completely misses you.
The wall freezes the merfolk avatar.
The water nymph points at you and mumbles some strange words.
The water swirls and strikes you!!
* * * LOW HITPOINT WARNING * * *
You feel much better.
* * * LOW HITPOINT WARNING * * *
Your lungs strain for air!
The merfolk aquamancer looks more healthy.
The wall freezes the merfolk!
You block the merfolk's attack.
The merfolk avatar chants a haunting song.
You resist with almost no effort.
The wall freezes the merfolk aquamancer.
The merfolk aquamancer gestures wildly while chanting.
The merfolk aquamancer blinks!
The merfolk hits something with a +0 trident!!
The wall freezes the sea snake.
The sea snake bites you but does no damage.
The wall freezes the water elemental.
The water elemental hits you!
* * * LOW HITPOINT WARNING * * *
The wall freezes the merfolk.
The merfolk hits you from afar with a +0 trident!
You die...

≈≈≈≈≈≈≈≈≈..≈≈≈≈≈≈≈
≈≈≈≈P≈≈≈≈≈≈≈≈≈≈≈.≈≈≈.
≈≈≈≈≈≈≈≈≈≈≈≈≈≈≈≈≈≈≈≈
≈P≈≈≈≈≈≈≈≈≈≈≈≈≈≈≈≈.≈
..≈≈≈≈≈≈<≈≈≈≈≈≈≈≈≈≈≈
#..≈≈P≈≈≈≈≈≈≈≈≈≈≈≈≈
##.≈≈≈≈≈≈≈≈≈≈≈m≈.#
≈≈≈≈≈≈≈≈≈≈≈≈≈≈m##
≈≈≈≈≈≈≈..≈≈≈≈EE@#
P≈≈≈≈..Pm..≈≈mS##
P≈≈≈≈≈####..≈mm.#
≈≈≈≈.. ###≈≈≈.# ≈≈...
#...≈≈.... ≈.
##...≈≈≈≈.#
###..≈m≈.# ####.≈≈..
.≈≈..#


You could see a merfolk avatar (summoned), a sea snake (slow), a merfolk
aquamancer, 3 merfolk, 2 water elementals and a water nymph (summoned).

Vanquished Creatures
  Frances (D:12)
  Kirke (Lair:5)
  An orc warlord (Orc:2)
  A minotaur (Lair:2)
  The ghost of RepHenryClay the Cleaver, a journeyman NaFi of Cheibriados (D:11)
  A fire dragon (D:14)
  8 hydras
  Fannar (Lair:3)
  Erolcha (D:12)
  2 vault guards (D:13)
  An alligator snapping turtle (shapeshifter) (Lair:6)
  An anaconda (Lair:4)
  7 boulder beetles
  2 centaur warriors
  A death yak (Lair:6)
  6 two-headed ogres
  3 thrashing horrors (Lair:6)
  4 orc high priests (Orc:2)
  4 skeletal warriors
  2 wizards (D:13)
  A sea snake (Shoals:1)
  A harpy (shapeshifter) (Lair:6)
  5 deep elf zephyrmancers
  4 orc knights (Orc:2)
  2 deep elf pyromancers (Elf:1)
  A lindwurm (Lair:6)
  10 ugly things
  4 orc sorcerers (Orc:2)
  A cyclops (D:12)
  9 elephants
  7 black mambas
  2 rust devils
  2 gargoyles
  A torpor snail (Lair:6)
  A smoke demon (Lair:6)
  2 kobold demonologists (D:11)
  4 komodo dragons
  A redback zombie (D:13)
  11 cane toads
  2 rime drakes
  The ghost of HilariousDeathArtist the Ruffian, an amateur TrDe (D:5)
  A demonic crawler (Lair:3)
  2 ancient zymes (Lair:6)
  A queen bee (D:12)
  4 trolls
  2 jumping spiders (Lair:4)
  7 polar bears
  2 meliai (D:12)
  A meliai zombie (D:13)
  A hornet (D:8)
  10 slime creatures
  35 blink frogs
  4 dream sheep (Lair:4)
  A snapping turtle (Lair:3)
  A centaur simulacrum (D:11)
  2 redbacks (Lair:4)
  An air elemental (Elf:1)
  2 shadows (D:11)
  6 wyverns
  3 wraiths
  3 large abominations (Lair:6)
  54 yaks
  A ynoxinul (Lair:6)
  11 basilisks
  A water elemental (Orc:2)
  20 humans (D:13)
  5 hogs (Lair:5)
  A basilisk (shapeshifter) (D:14)
  12 small abominations (Lair:6)
  2 chaos spawn (Lair:6)
  A steam dragon (D:8)
  4 wargs (Orc:2)
  A swamp worm (Lair:3)
  23 water moccasins
  An acid dragon (D:9)
  41 orc warriors
  A sky beast (D:6)
  4 black bears
  5 ice beasts
  14 ogres
  2 necrophages
  9 centaurs
  8 wolves
  Blork the orc (D:4)
  4 kobold brigands
  20 bullfrogs
  An earth elemental (Elf:1)
  A scorpion (D:6)
  2 water moccasin zombies (D:6)
  28 killer bees
  6 wights
  5 electric eels (D:11)
  10 howler monkeys
  4 centaur zombies
  2 jellies
  27 orc priests
  A bullfrog skeleton (D:5)
  6 hounds
  3 iguanas
  26 orc wizards
  A killer bee zombie (D:6)
  3 mummies
  A howler monkey skeleton (D:5)
  3 howler monkey zombies
  4 adders
  2 white imps
  2 howler monkey simulacra (D:11)
  A worm (D:2)
  An adder skeleton (D:4)
  2 dart slugs
  117 orcs
  6 endoplasms
  4 giant cockroaches (D:1)
  8 goblins
  7 hobgoblins
  7 jackals
  5 quokkas (D:1)
  5 ball pythons
  9 bats
  A frilled lizard (D:1)
  A hobgoblin zombie (D:6)
  20 kobolds
  3 orc zombies (D:6)
  6 rats
797 creatures vanquished.

Vanquished Creatures (collateral kills)
  A shadow (D:10)
  An orc (Orc:2)
2 creatures vanquished.

Vanquished Creatures (others)
  An air elemental (Elf:1)
  A water elemental (Elf:1)
  A howler monkey (D:8)
  2 orcs
  62 fungi
  86 plants
153 creatures vanquished.

Grand Total: 952 creatures vanquished

Notes
Turn   | Place    | Note
-------+----------+-------------------------------------------
     0 | D:1      | bearlyready the Gnoll Cinder Acolyte began the quest for
                  | the Orb.
     0 | D:1      | Reached XP level 1. HP: 23/23 MP: 4/4
   341 | D:1      | Reached XP level 2. HP: 17/29 MP: 5/5
  1003 | D:1      | Reached XP level 3. HP: 14/35 MP: 7/7
  1006 | D:1      | Learned a level 2 spell: Scorch
  1767 | D:2      | Found a faded altar of an unknown god.
  1826 | D:2      | Reached skill level 1 in Invocations
  1966 | D:2      | Reached skill level 1 in Short Blades
  1966 | D:2      | Reached skill level 1 in Axes
  1966 | D:2      | Reached skill level 1 in Maces & Flails
  1966 | D:2      | Reached skill level 1 in Polearms
  1966 | D:2      | Reached skill level 1 in Staves
  1966 | D:2      | Reached skill level 1 in Slings
  1966 | D:2      | Reached skill level 1 in Bows
  1966 | D:2      | Reached skill level 1 in Crossbows
  1966 | D:2      | Reached skill level 1 in Throwing
  1966 | D:2      | Reached skill level 1 in Armour
  1966 | D:2      | Reached skill level 1 in Dodging
  1966 | D:2      | Reached skill level 1 in Stealth
  1966 | D:2      | Reached skill level 1 in Shields
  1966 | D:2      | Reached skill level 1 in Unarmed Combat
  1966 | D:2      | Reached skill level 1 in Evocations
  2147 | D:2      | Reached XP level 4. HP: 39/41 MP: 8/8
  2538 | D:3      | Reached skill level 1 in Conjurations
  2538 | D:3      | Reached skill level 1 in Hexes
  2538 | D:3      | Reached skill level 1 in Summonings
  2538 | D:3      | Reached skill level 1 in Necromancy
  2538 | D:3      | Reached skill level 1 in Translocations
  2538 | D:3      | Reached skill level 1 in Transmutations
  2538 | D:3      | Reached skill level 1 in Ice Magic
  2538 | D:3      | Reached skill level 1 in Air Magic
  2538 | D:3      | Reached skill level 1 in Earth Magic
  2538 | D:3      | Reached skill level 1 in Poison Magic
  2831 | D:3      | Reached XP level 5. HP: 42/47 MP: 1/9
  2961 | D:3      | Found a sacrificial altar of Ru.
  3645 | D:3      | You fall into a shaft and drop 3 floors!
  3648 | D:5      | Entered Level 5 of the Dungeon
  3716 | D:5      | Identified the +2 ring mail "Qangun" {Will+ Regen+ Str+4
                  | Slay+2}
  3764 | D:5      | Reached XP level 6. HP: 53/53 MP: 9/11
  3796 | D:5      | Found a runed translucent gate.
  3796 | D:5      | Found a runed translucent gate.
  3796 | D:5      | Found a runed translucent gate.
  3798 | D:5      | Noticed HilariousDeathArtist's ghost (amateur TrDe)
  3807 | D:5      | Got the Disquisition on Excruciating Evil Rituals
  3811 | D:5      | Noticed a necrophage
  3900 | D:5      | Found a staircase to the Ecumenical Temple.
  3921 | D:5      | Killed a necrophage
  4080 | D:5      | Reached XP level 7. HP: 59/59 MP: 12/12
  4419 | D:5      | Found a bloodstained altar of Trog.
  4419 | D:5      | Found a shadowy altar of Dithmenos.
  4550 | D:4      | Noticed Blork the orc
  4558 | D:4      | Killed Blork the orc
  4853 | D:4      | Reached XP level 8. HP: 62/67 MP: 14/14
  6180 | Temple   | Entered the Ecumenical Temple
  6519 | D:6      | Reached XP level 9. HP: 64/72 MP: 2/16
  6866 | D:6      | Reached skill level 5 in Spellcasting
  7078 | D:6      | Identified the +0 robe "Cuomic" {*Slow rF+ rC+++ rN++}
  7647 | D:7      | Found a white marble altar of Elyvilon.
  7771 | D:7      | You fall into a shaft and drop 3 floors!
  7771 | D:10     | Entered Level 10 of the Dungeon
  7771 | D:10     | Found a staircase to the Lair.
  7801 | D:10     | Reached skill level 5 in Invocations
  7872 | D:10     | Noticed a two-headed ogre
  7902 | D:11     | Reached XP level 10. HP: 69/80 MP: 12/18
  7926 | D:11     | Reached skill level 5 in Short Blades
  7926 | D:11     | Reached skill level 5 in Axes
  7926 | D:11     | Reached skill level 5 in Maces & Flails
  7926 | D:11     | Reached skill level 5 in Polearms
  7926 | D:11     | Reached skill level 5 in Staves
  7926 | D:11     | Reached skill level 5 in Slings
  7926 | D:11     | Reached skill level 5 in Bows
  7926 | D:11     | Reached skill level 5 in Crossbows
  7926 | D:11     | Reached skill level 5 in Throwing
  7926 | D:11     | Reached skill level 5 in Armour
  7926 | D:11     | Reached skill level 5 in Dodging
  7926 | D:11     | Reached skill level 5 in Stealth
  7926 | D:11     | Reached skill level 5 in Shields
  7926 | D:11     | Reached skill level 5 in Unarmed Combat
  7926 | D:11     | Reached skill level 5 in Evocations
  7995 | D:11     | Noticed a boulder beetle
  8006 | D:11     | Killed a boulder beetle
  8035 | D:11     | Noticed a kobold demonologist
  8037 | D:11     | Noticed a boulder beetle
  8038 | D:11     | Killed a kobold demonologist
  8039 | D:11     | Noticed RepHenryClay's ghost (journeyman NaFi)
  8084 | D:11     | Found a runed translucent gate.
  8086 | D:11     | Found a runed translucent gate.
  8087 | D:11     | Found a runed translucent gate.
  8087 | D:11     | Noticed a gargoyle
  8180 | D:11     | Identified the ring "Feoppi" {Ice SInv}
  8180 | D:11     | Noticed a kobold demonologist
  8255 | D:9      | Noticed a two-headed ogre
  8300 | D:9      | Found Licoq's Assorted Antiques.
  8350 | D:9      | Noticed a two-headed ogre
  8389 | D:8      | Reached XP level 11. HP: 87/87 MP: 20/20
  8455 | D:8      | Found a sparkling altar of Nemelex Xobeh.
  8456 | D:8      | Found an ornate altar of the Wu Jian Council.
  8458 | D:8      | Found a shimmering blue altar of Sif Muna.
  8462 | D:8      | Found a basalt altar of Yredelemnul.
  8462 | D:8      | Found an opulent altar of Gozag.
  8464 | D:8      | Found a stormy altar of Qazlal.
  8467 | D:8      | Found a hazy altar of Hepliaklqana.
  8469 | D:8      | Found a broken altar of Ashenzari.
  9057 | D:7      | Learned a level 2 spell: Blink
  9061 | D:7      | Learned a level 3 spell: Call Canine Familiar
  9065 | D:7      | Learned a level 3 spell: Frozen Ramparts
  9270 | D:9      | Killed a two-headed ogre
  9271 | D:9      | Reached skill level 5 in Conjurations
  9271 | D:9      | Reached skill level 5 in Hexes
  9271 | D:9      | Reached skill level 5 in Summonings
  9271 | D:9      | Reached skill level 5 in Necromancy
  9271 | D:9      | Reached skill level 5 in Translocations
  9271 | D:9      | Reached skill level 5 in Transmutations
  9271 | D:9      | Reached skill level 5 in Ice Magic
  9271 | D:9      | Reached skill level 5 in Air Magic
  9271 | D:9      | Reached skill level 5 in Earth Magic
  9271 | D:9      | Reached skill level 5 in Poison Magic
  9283 | D:9      | Killed a two-headed ogre
  9466 | D:9      | Found a blossoming altar of Fedhas.
 10071 | D:10     | Killed a two-headed ogre
 10445 | D:10     | Identified the ring "Pussata" {rF+ rCorr}
 10731 | D:10     | Noticed a red ugly thing
 10751 | D:10     | Killed a red ugly thing
 10950 | D:11     | Noticed a soul eater
 10984 | D:11     | Killed a boulder beetle
 11360 | D:11     | Noticed a two-headed ogre
 11376 | D:11     | Killed a two-headed ogre
 11377 | D:11     | Reached XP level 12. HP: 87/96 MP: 20/23
 11567 | D:12     | Noticed a boulder beetle
 11578 | D:12     | Killed a boulder beetle
 11743 | D:12     | Noticed Frances
 11966 | D:12     | Noticed a centaur warrior
 11978 | D:12     | Killed a centaur warrior
 12077 | D:12     | Found a staircase to the Orcish Mines.
 12155 | D:12     | Noticed a boulder beetle
 12171 | D:12     | Killed a boulder beetle
 12272 | D:12     | Reached skill level 10 in Fighting
 12272 | D:12     | Reached skill level 10 in Long Blades
 12504 | D:13     | Found Siceger's Assorted Antiques.
 12512 | D:13     | Bought a potion of curing for 72 gold pieces
 12512 | D:13     | Bought a scroll of blinking for 180 gold pieces
 12512 | D:13     | Bought a scroll of teleportation for 72 gold pieces
 12512 | D:13     | Bought a scroll of teleportation for 72 gold pieces
 12520 | D:13     | Noticed a centaur warrior
 12552 | D:13     | Killed a centaur warrior
 12703 | D:13     | Found Kifuc's Magic Scroll Boutique.
 12711 | D:13     | Bought a scroll of blinking for 135 gold pieces
 12711 | D:13     | Bought a scroll of fog for 36 gold pieces
 12711 | D:13     | Bought a scroll of teleportation for 54 gold pieces
 12740 | D:13     | Found Geanypn's Assorted Antiques.
 13113 | D:13     | Identified the +0 chain mail of Heresy {Contam Harm rN+
                  | SInv}
 13153 | D:13     | Reached XP level 13. HP: 103/103 MP: 25/25
 13277 | D:13     | Found a gate to the Vaults.
 13277 | D:13     | Noticed a vault guard
 13277 | D:13     | Noticed a vault guard
 13308 | D:13     | Killed a vault guard
 13311 | D:13     | Killed a vault guard
 13616 | D:13     | Bought a scroll of enchant weapon for 135 gold pieces
 13910 | D:14     | Noticed a fire dragon
 13928 | D:14     | Killed a fire dragon
 14109 | D:13     | HP: 3/104 [skeletal warrior (5)]
 14254 | D:12     | Noticed Erolcha
 14264 | D:12     | Killed Erolcha
 14379 | D:12     | Killed Frances
 14650 | D:9      | You fall into a shaft and drop 2 floors!
 14734 | D:11     | Got the ring of Siaseh {Fire rElec Str-4 Dex+4 Stlth+}
 14777 | D:11     | Killed RepHenryClay's ghost
 15022 | D:5      | Killed HilariousDeathArtist's ghost
 15544 | D:14     | HP: 5/105 [cyan ugly thing (12)]
 15791 | D:14     | Found a burning altar of Makhleb.
 15794 | D:14     | Learned a level 1 spell: Animate Skeleton
 15796 | D:14     | Learned a level 1 spell: Apportation
 15801 | D:14     | Learned a level 4 spell: Hailstorm
 15803 | D:14     | Found a broken altar of Ashenzari.
 15803 | D:14     | Found a shimmering altar of Xom.
 15805 | D:14     | Found an opulent altar of Gozag.
 15805 | D:14     | Found a shimmering altar of Xom.
 15805 | D:14     | Found a snail-covered altar of Cheibriados.
 15934 | Orc:1    | Entered Level 1 of the Orcish Mines
 16082 | Orc:2    | Entered Level 2 of the Orcish Mines
 16185 | Orc:2    | Reached XP level 14. HP: 109/113 MP: 25/27
 16501 | Orc:2    | Found Zijung's Armour Emporium.
 16559 | Orc:2    | Found Sanibruo's General Store.
 16959 | Orc:2    | Noticed an orc warlord
 16985 | Orc:2    | Killed an orc warlord
 16996 | Orc:2    | Reached skill level 10 in Invocations
 17219 | Orc:2    | Found Pud Reng's Book Emporium.
 17442 | Orc:2    | Found Jajocs's Jewellery Boutique.
 17595 | Orc:2    | Got the Catalogue of Air
 17723 | Orc:2    | Found a staircase to the Elven Halls.
 18193 | Lair:1   | Entered Level 1 of the Lair of Beasts
 18801 | Lair:1   | Identified the +8 whip of Ointment {drain, Will+}
 19312 | Lair:2   | Reached skill level 10 in Spellcasting
 19602 | Lair:2   | Found a runed translucent door.
 20220 | D:13     | Bought 2 scrolls of enchant weapon for 270 gold pieces
 20220 | D:13     | Bought a scroll of identify for 36 gold pieces
 20220 | D:13     | Bought a scroll of identify for 36 gold pieces
 20220 | D:13     | Bought a scroll of identify for 36 gold pieces
 20222 | D:13     | Identified 2 scrolls of acquirement
 20225 | D:13     | Acquired the +2 pair of boots of the End {rN+ Will++}
 20248 | D:13     | Acquired the +8 orange crystal plate armour {Archmagi,
                  | Int+3 Clar}
 20248 | D:13     | Found the +8 orange crystal plate armour {Archmagi, Int+3
                  | Clar}
 20674 | D:15     | Entered Level 15 of the Dungeon
 21812 | Lair:3   | Reached XP level 15. HP: 119/120 MP: 29/29
 21877 | Lair:3   | Noticed Fannar
 21895 | Lair:3   | Killed Fannar
 21940 | Lair:3   | Found a staircase to the Shoals.
 22774 | Lair:4   | Reached skill level 10 in Fire Magic
 22988 | Lair:4   | Reached skill level 10 in Short Blades
 22988 | Lair:4   | Reached skill level 10 in Axes
 22988 | Lair:4   | Reached skill level 10 in Maces & Flails
 22988 | Lair:4   | Reached skill level 10 in Polearms
 22988 | Lair:4   | Reached skill level 10 in Staves
 22988 | Lair:4   | Reached skill level 10 in Slings
 22988 | Lair:4   | Reached skill level 10 in Bows
 22988 | Lair:4   | Reached skill level 10 in Crossbows
 22988 | Lair:4   | Reached skill level 10 in Throwing
 22988 | Lair:4   | Reached skill level 10 in Armour
 22988 | Lair:4   | Reached skill level 10 in Dodging
 22988 | Lair:4   | Reached skill level 10 in Stealth
 22988 | Lair:4   | Reached skill level 10 in Shields
 22988 | Lair:4   | Reached skill level 10 in Unarmed Combat
 22988 | Lair:4   | Reached skill level 10 in Evocations
 23297 | Lair:4   | Found a hole to the Spider Nest.
 24081 | Lair:5   | Noticed Kirke
 24093 | Lair:5   | Killed Kirke
 24833 | Lair:6   | Entered Level 6 of the Lair of Beasts
 25142 | Lair:6   | Found an ornate altar of the Wu Jian Council.
 25142 | Lair:6   | Found a hide-covered altar of Uskayaw.
 25400 | Lair:6   | Reached XP level 16. HP: 102/128 MP: 30/30
 25915 | Lair:6   | Acquired 591 gold pieces
 26075 | Lair:6   | Found a corrupted altar of Lugonu.
 26075 | Lair:6   | Found a one-way gate to the infinite horrors of the Abyss.
 26173 | Lair:6   | Found a runed translucent door.
 26174 | Lair:6   | Found a viscous altar of Jiyva.
 26174 | Lair:6   | Noticed an azure jelly
 26176 | Lair:6   | Found a staircase to the Slime Pits.
 26176 | Lair:6   | Noticed an azure jelly
 26987 | Elf:1    | Entered Level 1 of the Elven Halls
 27166 | Elf:1    | Paralysed by an air elemental for 1 turns
 27231 | Elf:1    | Paralysed by an air elemental for 1 turns
 27545 | Shoals:1 | Entered Level 1 of the Shoals
 27583 | Shoals:1 | Upgraded the game from 0.28-a0-724-g66f9036eb4 to
                  | 0.28-a0-726-g4a9143789a
 27586 | Shoals:1 | Slain by a merfolk

Illustrated notes

Levels and vault maps discovered:
D:1:      evilmike_arrival_crescent, layout_basic
D:2:      layout_loops_ring, shapermc_ecumenical_altar_mp_vishouse,
          grunt_ministairs_15
D:3:      layout_basic, mainiacjoe_overflow_small_starburst,
          chequers_serial_rivers_micro_c, serial_bayou_crossing
D:4:      minmay_skewed_foursquare, layout_layer_cave, uniq_blork_the_orc
D:5:      cheibrodos_iron_armory, layout_loops_ring,
          gammafunk_temple_overflow_statue, minmay_temple_entry_trees,
          ebering_ghost_rock_garden
D:6:      wad_crossroads, layout_loops_ring, minmay_mini_ossuary
D:7:      layout_rooms, kennysheep_small_circle
D:8:      layout_rooms, minitemple, kennysheep_decorative_pillar
D:9:      layout_small_grid, kennysheep_mini_moat, nicolae_take_the_stairs,
          minmay_holes, st_stairs_4
D:10:     layout_roguey [special_room_orc], due_lair_maze_entry_diamond
D:11:     layout_rooms, gammafunk_ghost_icy, serial_bayou_lake_a
D:12:     layout_roguey [special_room_bee], orc_0_dummy, uniq_frances,
          uniq_erolcha
D:13:     layout_basic, grunt_vaults_entry_tiered, serial_undead,
          serial_undead_a, serial_undead_f, serial_undead_a, serial_undead_e,
          serial_shops, shop_statue, nicolae_square_shop,
          nicolae_shop_statue_plus, grunt_decor_clamped, minivault_19
D:14:     layout_loops_ring, doesnt_xom_only_xom
D:15:     grunt_enter_depths_magical_seal, layout_cave_pools, led_sif_pool,
          uniq_roxanne
Temple:   compressed_dpeg_circular_temple
Lair:1:   layout_cave_shapes, chequers_serial_rivers_micro_d,
          infiniplex_staircase_pool_2, serial_bayou_shore_b, grunt_megastairs_2
Lair:2:   dreamdust_labyrinth, layout_regular_city
Lair:3:   layout_small_grid, minmay_shoals_entry_hut, worms_lemuel,
          lemuel_fruit_fields, uniq_fannar
Lair:4:   beast_lair_carwin_large_4, layout_regular_city,
          spider_nest_entry_funnel_web, serial_bayou_shore_b
Lair:5:   layout_gridlike, cheibrodos_lair_caveside_slide, uniq_kirke
Lair:6:   hellmonk_lair_end_abyssal_woods, layout_long_grid, slime_altar_2,
          nzn_masters_of_martial_movement
Shoals:1: layout_shoals, nicolae_shoals_siren_and_animal_friends
Orc:1:    layout_caves
Orc:2:    pubby_orc_utopia
Elf:1:    minmay_elf_arrival_summoners, layout_geoelf_diagonals, serial_shops,
          shop, shop, shop, shop, nicolae_shop_waterfront, orc_legates,
          uniq_asterion

Skill      XL: |  1  2  3  4  5  6  7  8  9 10 11 12 13 14 15 16 |
---------------+-------------------------------------------------+-----
Invocations    | 1 2 3 4 5 6 7 8 9 10 11 | 11.8
Short Blades   | 1 2 3 4 5 6 7 8 9 10 | 10.8
Axes           | 1 2 3 4 5 6 7 8 9 10 | 10.8
Maces & Flails | 1 2 3 4 5 6 7 8 9 10 | 10.8
Polearms       | 1 2 3 4 5 6 7 8 9 10 | 10.8
Staves         | 1 2 3 4 5 6 7 8 9 10 | 10.8
Slings         | 1 2 3 4 5 6 7 8 9 10 | 10.8
Bows           | 1 2 3 4 5 6 7 8 9 10 | 10.8
Crossbows      | 1 2 3 4 5 6 7 8 9 10 | 10.8
Throwing       | 1 2 3 4 5 6 7 8 9 10 | 10.8
Armour         | 1 2 3 4 5 6 7 8 9 10 | 10.8
Dodging        | 1 2 3 4 5 6 7 8 9 10 | 10.8
Stealth        | 1 2 3 4 5 6 7 8 9 10 | 10.8
Shields        | 1 2 3 4 5 6 7 8 9 10 | 10.8
Unarmed Combat | 1 2 3 4 5 6 7 8 9 10 | 10.8
Evocations     | 1 2 3 4 5 6 7 8 9 10 | 10.8
Spellcasting   | 3 4 5 6 7 8 9 10 11 | 11.2
Conjurations   | 1 2 3 4 5 6 7 8 9 |  9.1
Hexes          | 1 2 3 4 5 6 7 8 9 |  9.1
Summonings     | 1 2 3 4 5 6 7 8 9 |  9.1
Necromancy     | 1 2 3 4 5 6 7 8 9 |  9.1
Translocations | 1 2 3 4 5 6 7 8 9 |  9.1
Transmutations | 1 2 3 4 5 6 7 8 9 |  9.1
Ice Magic      | 1 2 3 4 5 6 7 8 9 |  9.1
Air Magic      | 1 2 3 4 5 6 7 8 9 |  9.1
Earth Magic    | 1 2 3 4 5 6 7 8 9 |  9.1
Poison Magic   | 1 2 3 4 5 6 7 8 9 |  9.1
Fighting       | 7 8 9 10 11 12 | 12.6
Long Blades    | 7 8 9 10 11 12 | 12.6
Fire Magic     | 6 7 8 9 10 | 10.6

Action                   |  1- 3 |  4- 6 |  7- 9 | 10-12 | 13-15 | 16-18 || total
-------------------------+-------+-------+-------+-------+-------+-------++-------
Melee: Falchion          |   140 |   123 |   211 |       |       |       ||   474
       Bite              |     7 |     8 |    24 |    50 |   148 |    22 ||   259
       Long sword        |       |       |    69 |   192 |       |       ||   261
       Demon blade       |       |       |       |   304 |  1373 |   278 ||  1955
Throw: Dart              |       |       |       |    51 |    49 |       ||   100
       Boomerang         |       |       |       |     5 |    57 |    28 ||    90
       Javelin           |       |       |       |       |    12 |       ||    12
 Cast: Scorch            |       |    14 |    42 |     9 |     6 |     1 ||    72
       Frozen Ramparts   |       |       |       |    32 |    59 |     7 ||    98
       Call Canine Famil |       |       |       |     5 |     5 |       ||    10
       Hailstorm         |       |       |       |       |    22 |     2 ||    24
       Blink             |       |       |       |       |     2 |       ||     2
       Animate Skeleton  |       |       |       |       |     2 |       ||     2
Evoke: Wand              |       |       |     3 |    17 |     3 |     3 ||    26
       Phial of floods   |       |       |       |       |       |     1 ||     1
       Condenser vane    |       |       |       |       |       |     1 ||     1
  Use: Scroll            |       |     4 |     3 |     4 |    13 |     6 ||    30
       Potion            |       |       |       |     3 |       |     3 ||     6
 Stab: Distracted        |       |       |     1 |       |     4 |       ||     5
       Sleeping          |       |       |       |     5 |    11 |     3 ||    19
Armor: Robe              |     4 |       |       |       |       |       ||     4
       Ring mail         |    29 |    39 |   100 |   126 |   270 |    86 ||   650
       Leather armour    |     4 |       |       |       |       |       ||     4
       Crystal plate arm |       |       |       |       |    36 |       ||    36
Dodge: Dodged            |    74 |   119 |   283 |   406 |   865 |   252 ||  1999
Block: Buckler           |       |       |    49 |   120 |   326 |    80 ||   575

Table legend: (Time is in decaauts)
 A = Elapsed time spent in this place.
 B = Non-inter-level travel time spent in this place.
 C = Inter-level travel time spent in this place.
 D = Time resting spent in this place.
 E = Time spent auto-exploring this place.
 F = Levels seen in this place.
 G = Mean time per level.
                   A        B        C        D        E       F      G
               +--------+--------+--------+--------+--------+-----+--------+
         Total |  27168 |  24462 |   2706 |    315 |  17508 |  26 | 1044.9 |
       Dungeon |  17330 |  15391 |   1939 |    233 |  11077 |  15 | 1155.3 |
        Temple |      3 |      3 |      0 |      0 |      0 |   1 |    3.0 |
          Lair |   7261 |   6696 |    565 |     21 |   4872 |   6 | 1210.2 |
        Shoals |     37 |     37 |      0 |      0 |      4 |   1 |   37.0 |
  Orcish Mines |   2309 |   2110 |    199 |     61 |   1460 |   2 | 1154.5 |
   Elven Halls |    226 |    226 |      0 |      0 |     93 |   1 |  226.0 |
               +--------+--------+--------+--------+--------+-----+--------+

Top non-repeatable levels by time:
   Orc:2: 2145 daAuts
    D:13: 1766 daAuts
  Lair:6: 1647 daAuts
    D:10: 1530 daAuts
     D:3: 1517 daAuts
     D:1: 1478 daAuts
    D:14: 1370 daAuts
    D:12: 1345 daAuts
     D:4: 1341 daAuts
    D:11: 1327 daAuts
  Lair:2: 1226 daAuts
  Lair:1: 1174 daAuts
  Lair:4: 1151 daAuts
  Lair:3: 1140 daAuts
     D:6: 1135 daAuts
